 Dungeon Crawl Stone Soup version 0.27-a0-1149-g4505690ab0 (webtiles) character file.

Game seed: 13784575426054204736

4 Sobieck the Skirmisher (level 1, -1/18 HPs)
             Began as a Demonspawn Fighter on May 12, 2021.
             Slain by a kobold
             ... wielding a +0 short sword of speed
              (5 damage)
             ... on level 1 of the Dungeon.
             The game lasted 00:00:29 (92 turns).

Sobieck the Skirmisher (Demonspawn Fighter)           Turns: 92, Time: 00:00:30

Health: -1/18      AC:  6    Str: 16    XL:     1   Next: 50%
Magic:  1/1        EV:  6    Int:  9    God:
Gold:   19         SH:  8    Dex: 12    Spells: 0/0 levels left

rFire    . . .     SeeInvis .   a - +0 long sword {long}
rCold    . . .     Faith    .   c - +0 kite shield
rNeg     . . .     Spirit   .   b - +0 scale mail
rPois    .         Reflect  .   (no helmet)
rElec    .         Harm     .   (no cloak)
rCorr    .         Rampage  .   (no gloves)
Will     .....                  (no boots)
Stlth    ..........             (no amulet)
HPRegen  0.06/turn              (no ring)
MPRegen  0.07/turn              (no ring)

@: no status effects
A: no striking features
a: no special abilities


You were on level 1 of the Dungeon.
You visited 1 branch of the dungeon, and saw 2 of its levels.

You collected 19 gold pieces.


   Skills:
 + Level 3.0 Fighting
 * Level 1.9 Long Blades
 + Level 2.7 Armour
 + Level 2.7 Shields


You couldn't memorise any spells.
You didn't know any spells.
Your spell library was empty.

Inventory:

Hand Weapons
 a - a +0 long sword (weapon) {long}
Missiles
 f - 18 arrows
Armour
 b - a +0 scale mail (worn)
 c - a +0 kite shield (worn)
Scrolls
 e - a scroll of teleportation {unknown}
Potions
 d - a potion of might

Dungeon Overview and Level Annotations

Branches:
Dungeon (2/15)

Altars:

Annotations:
D:2 Robin

# ###### #.# #....##...
#>........ #.†..#.##
####. #....#.###.....
#########g##..........
.......@K.............
.########)##......####.#
#....................
#.###................
#.........##.....
...........##.....
.....##............
.......##............
.....................


You could see a goblin (strong) and a kobold.


Message History

Options error: Delay interrupt name "hungry" not recognised. (~/.crawlrc:4781) ✅ Successfully initialized magus.rc [v1.9.6] Welcome, Sobieck the Demonspawn Fighter.
The bosom of this dungeon contains the fabulous artefact, the Orb of Zot.
Press ? for a list of commands and other information.
Found a scroll labelled WAHAKY DAOGGA.
Found two stairs.
Unknown command.
(D) Dungeon
Where to? (? - help)
There is a stone staircase leading down here.
You climb downwards.
There is a stone staircase leading up here.
You climb upwards.
There is a stone staircase leading down here.
There is a staircase leading out of the dungeon here.
e - a scroll labelled WAHAKY DAOGGA
Found a stone staircase leading down.
Unknown command.
(D) Dungeon
Where to? (Enter - D:2, ? - help)
A rat and a goblin come into view.
You block the rat's attack.
You hit the rat.
You kill the rat!
You closely miss the goblin. You block the goblin's attack.
You miss the goblin. The goblin barely misses you.
The goblin hits you but does no damage.
You hit the goblin but do no damage. The goblin barely misses you.
Your shield and scale mail prevent you from hitting the goblin.
The goblin hits you with a +0 club. x2 😕 HP[-4]
You take 4 damage, and now have 14/18 hp.
MASSIVE DAMAGE!! (PAUSE)
You hit the goblin.
You kill the goblin!
You see here a +0 club {mace}.
You now have 19 gold pieces.
You see here a +0 club {mace}. 😕 HP[+1]
f - 18 arrows
There is a stone staircase leading down here.
You start resting. 😎 HP[+3]
Your hp is fully restored (18).
You climb downwards.
A sky beast, 11 goblins, a kobold and Robin come into view.
Robin is wielding a +0 dagger of flaming.
The kobold is wielding a +0 short sword of speed.
Robin shouts!
The goblin shouts! x6; The hobgoblin shouts!
The goblin shouts!
The hobgoblin shouts!
The goblin shouts!
You hear a shout!
You block the goblin's attack.
The hobgoblin hits you but does no damage.
Robin roars a battlecry!
The goblins go into a battle-frenzy!
The hobgoblin barely misses you.
You riposte.
You barely miss the hobgoblin.
The goblin splashes around in the water.
The goblin moves out of view.
You hear an angry hiss.
You hear a bark!
There is a stone staircase leading up here.
The kobold hits you but does no damage. You block the goblin's attack.
The hobgoblin barely misses you. x2
The goblin splashes around in the water.
You climb upwards.
There is a stone staircase leading down here.
You hit the hobgoblin. The kobold hits you but does no damage.
The goblin hits you but does no damage. The hobgoblin hits you.
The goblin hits you but does no damage. You block the hobgoblin's attack.
The kobold barely misses you. You block the kobold's attack.
The goblin barely misses you.
The hobgoblin hits you but does no damage.
The hobgoblin closely misses you. You block the goblin's attack. 😕 HP[-4]
You take 4 damage, and now have 14/18 hp.
MASSIVE DAMAGE!! (PAUSE)
You slash the hobgoblin!
You kill the hobgoblin!
The kobold hits you with a +0 short sword of speed.
You block the goblin's attack. The goblin hits you with a +0 club.
The hobgoblin hits you but does no damage.
You block the kobold's attack. 😮 HP[-4]
You take 4 damage, and now have 10/18 hp.
MASSIVE DAMAGE!! (PAUSE)
You block the goblin's attack. You block the kobold's attack.
You see here a hobgoblin corpse.
The goblin hits you with a +0 dagger.
* * * LOW HITPOINT WARNING * * *
The kobold hits you but does no damage. 😨 HP[-1]
You take 1 damage, and now have 9/18 hp.
Unknown command.
You hit the goblin.
You kill the goblin!
The kobold hits you with a +0 short sword of speed.
* * * LOW HITPOINT WARNING * * *
😱 HP[-5]
You take 5 damage, and now have 4/18 hp.
MASSIVE DAMAGE!! (PAUSE)
You hit the kobold.
The kobold hits you with a +0 short sword of speed.
You die...

Action                   || total
-------------------------++-------
Melee: Long sword        ||    10
Armor: Scale mail        ||     9
Dodge: Dodged            ||     8
Block: Kite shield       ||    11
       Rpst.: Long sword ||     1

Levels and vault maps discovered:
D:1:      dpeg_arrival_stonehenge_8_columns, layout_basic,
          minmay_close_crescents
D:2:      layout_basic, ebering_ecumenical_altar_hall, serial_bayou_lake_a,
          uniq_sigmund, uniq_jessica, uniq_robin

Notes
Turn   | Place    | Note
-------+----------+-------------------------------------------
     0 | D:1      | Sobieck the Demonspawn Fighter began the quest for the Orb.
     0 | D:1      | Reached XP level 1. HP: 18/18 MP: 1/1
     0 | D:1      | magus.rc [v1.9.6]
    81 | D:2      | Noticed Robin
    81 | D:2      | Noticed a sky beast
    91 | D:1      | HP: 4/18 [kobold/+0 short sword of speed (5)]
    92 | D:1      | Slain by a kobold

Vanquished Creatures
  A hobgoblin (D:1)
  2 goblins (D:1)
  A rat (D:1)
4 creatures vanquished.

Table legend:
 A = Non-vault XP
 B = Vault XP
 C = Vault XP percentage of total XP
 D = Non-vault monster count
 E = Vault monster count
 F = Vault count percentage of total count
                 A         B        C        D         E       F
            +---------+---------+-------+---------+---------+-------
      Total |       2 |       4 |  66.7 |       2 |       2 |  50.0
            +---------+---------+-------+---------+---------+-------
        D:1 |       2 |       4 |  66.7 |       2 |       2 |  50.0
            +---------+---------+-------+---------+---------+-------

Illustrated notes

Table legend:
 A = Kills in this place as a percentage of kills in entire the game.
 B = Kills by you in this place as a percentage of kills by you in the entire game.
 C = Kills by friends in this place as a percentage of kills by friends in the entire game.
 D = Other kills in this place as a percentage of other kills in the entire game.
 E = Experience gained in this place as a percentage of experience gained in the entire game.
 F = Experience gained in this place divided by the number of levels of this place that you have seen.
                   A       B       C       D       E      F
               +-------+-------+-------+-------+-------+----------------------
         Total | 100.0 | 100.0 |   N/A |   N/A | 100.0 |   3.0
       Dungeon | 100.0 | 100.0 |   N/A |   N/A | 100.0 |   3.0
               +-------+-------+-------+-------+-------+----------------------

Table legend: (Time is in decaauts)
 A = Elapsed time spent in this place.
 B = Non-inter-level travel time spent in this place.
 C = Inter-level travel time spent in this place.
 D = Time resting spent in this place.
 E = Time spent auto-exploring this place.
 F = Levels seen in this place.
 G = Mean time per level.
                   A        B        C        D        E       F      G
               +--------+--------+--------+--------+--------+-----+--------+
         Total |     98 |     95 |      3 |     45 |      8 |   2 |   49.0 |
       Dungeon |     98 |     95 |      3 |     45 |      8 |   2 |   49.0 |
               +--------+--------+--------+--------+--------+-----+--------+

Top non-repeatable levels by time:
     D:1: 94 daAuts
     D:2: 4 daAuts
